 Dungeon Crawl Stone Soup version 0.21.1-1-g345015f (webtiles) character file.

95881 xccam the Severer (level 15, -7/124 HPs)
             Began as a Demonspawn Abyssal Knight on Feb 12, 2018.
             Was the Champion of Lugonu.
             Mangled by a spark wasp (17 damage)
             ... on level 4 of the Spider Nest.
             The game lasted 01:45:53 (24390 turns).

xccam the Severer (Demonspawn Abyssal Knight)      Turns: 24390, Time: 01:45:54

Health: -7/124     AC: 34    Str: 22    XL:     15   Next: 67%
Magic:  0/21       EV: 14    Int: 16    God:    Lugonu [******]
Gold:   2296       SH:  0    Dex: 16    Spells: 20/20 levels left

rFire    + . .     SeeInvis .   E - +9 battleaxe (distort)
rCold    + . .     Gourm    +   (shield currently unavailable)
rNeg     + . .     Faith    .   o - +9 plate armour of Generosity {rN+ Slay-3 Stlth+}
rPois    +         Spirit   .   (helmet unavailable)
rElec    .         Reflect  .   s - +1 cloak {rPois}
rCorr    +         Harm     .   B - +2 pair of gloves
MR       +....     Clarity  +   w - +1 pair of boots {run}
Stlth    ..........             U - amulet of Muar {Gourm rC+ Str+4 Dex-2}
HPRegen  0.30/turn              t - ring of resist corrosion
MPRegen  0.17/turn              k - +3 ring of dexterity

@: studying Fighting, quick
A: horns 3, yellow scales 2, clarity, clever 1, demonic guardian 2, fire
resistance 1, strong 1
a: Depart the Abyss, Bend Space, Banish, Corrupt, Enter the Abyss, Renounce
Religion


You were on level 4 of the Spider Nest.
You worshipped Lugonu.
Lugonu was exalted by your worship.
You were not hungry.

You visited 4 branches of the dungeon, and saw 22 of its levels.
You visited the Abyss 1 time.
You also visited: Labyrinth and Ice Cave.

You collected 2296 gold pieces.

Inventory:

Hand Weapons
 E - a +9 battleaxe of distortion (weapon)
Armour
 n - a +1 ring mail of fire resistance
 o - the +9 plate armour of Generosity (worn) {rN+ Slay-3 Stlth+}
   (You found it on level 8 of the Dungeon)

   It affects your accuracy and damage with ranged weapons and melee attacks
   (-3).
   It protects you from negative energy.
   It makes you more stealthy.
 s - a +1 cloak of poison resistance (worn)
 w - a +1 pair of boots of running (worn)
 A - a +1 crystal plate armour of cold resistance
 B - a +2 pair of gloves (worn)
 G - a +2 pair of boots of flying
 I - a +3 troll leather armour {Snorg}
 X - a scarf of spirit shield
 Y - the -3 cloak "Limiawud" {rN+ Str+2 Stlth+}
   (You found it in a labyrinth)

   It affects your strength (+2).
   It protects you from negative energy.
   It makes you more stealthy.
 Z - the +0 ring mail of the Sky {rCorr Str+7}
   (You found it in a labyrinth)

   It affects your strength (+7).
   It protects you from acid and corrosion.
Jewellery
 b - a +4 ring of strength
 f - a +4 amulet of reflection {unknown}
 k - a +3 ring of dexterity (right hand)
 m - the ring "Voanes" {*Tele +Inv rC+ Int+5}
   (You found it on level 6 of the Lair of Beasts)

   [ring of teleportation]

   It may teleport you next to monsters.
   It affects your intelligence (+5).
   It protects you from cold.
   It lets you turn invisible.
 q - an uncursed ring of see invisible {unknown}
 r - an uncursed amulet of faith
 t - a ring of resist corrosion (left hand)
 u - an uncursed ring of ice
 v - an uncursed ring of ice
 y - an uncursed ring of ice
 z - an uncursed amulet of regeneration
 M - a +4 ring of intelligence {unknown}
 U - the amulet of Muar (around neck) {Gourm rC+ Str+4 Dex-2}
   (You found it in a labyrinth)

   [amulet of the gourmand]

   It allows you to eat raw meat even when not hungry.
   It affects your strength (+4).
   It affects your dexterity (-2).
   It protects you from cold.
Wands
 h - a wand of flame (68)
 j - a wand of paralysis (13)
 x - a wand of scattershot (7)
 H - a wand of iceblast (18)
 K - a wand of acid (13)
 N - a wand of disintegration (19)
Scrolls
 e - 5 scrolls of teleportation
 g - 4 scrolls of fear
 O - a scroll of silence
 P - a scroll of identify
Potions
 a - 5 potions of flight
 i - 5 potions of agility
 C - 4 potions of curing
 D - a potion of ambrosia
Books
 F - a book of Party Tricks

   Spells                             Type                      Level
   a - Summon Butterflies             Summoning                    1
   b - Apportation                    Translocation                1
   c - Lesser Beckoning               Translocation                3
   d - Tukima's Dance                 Hexes                        3
   e - Alistair's Intoxication        Transmutation/Poison         5
   f - Invisibility                   Hexes                        6
 L - a book of Transfigurations

   Spells                             Type                      Level
   a - Irradiate                      Conjuration/Transmutation    5
   b - Statue Form                    Transmutation/Earth          6
   c - Hydra Form                     Transmutation                6
   d - Dragon Form                    Transmutation                7
 S - a manual of Fighting
Comestibles
 c - 32 rations


   Skills:
 - Level 13.5 Fighting
 - Level 16.4 Axes
 + Level 9.8 Armour
 + Level 12.6 Dodging
 - Level 3.0 Spellcasting
 - Level 9.2 Invocations


You had 20 spell levels left.
You didn't know any spells.

Dungeon Overview and Level Annotations

Branches:
Dungeon (10/15)            Temple (0/1) D:7            Lair (6/6) D:10
 Shoals (0/4) Lair:2       Spider (4/4) Lair:2        Slime (0/5) Lair:6
    Orc (2/2) D:10            Elf (0/3) Orc:2

Altars:
Ashenzari
Fedhas
Kikubaaqudgha
Makhleb
Nemelex Xobeh
Sif Muna
Vehumet
Xom
The Shining One
Beogh

Shops:
D:5 [   D:7 }   Orc:2 !:[}

Annotations:
Lair:2 exclusion: oklob plant
Lair:3 exclusion: oklob plant
Spider:4 Louise


Innate Abilities, Weirdness & Mutations

You have a pair of large horns on your head.
You are mostly covered in yellow scales. (AC +3)
A demonic guardian rushes to your aid.
You possess an exceptional clarity of mind.
Your mind is acute. (Int +2)
Your flesh is heat resistant. (rF+)
Your muscles are strong. (Str +2)


Message History

The +9 plate armour of Generosity {rN+ Slay-3 Stlth+} unmelds from your body.
You feel resistant to poison.
You feel quick.
You feel a little less mighty now.
* * * LOW HITPOINT WARNING * * *
You feel very sick.
Your sixfirhy hits the spark wasp!
Your sixfirhy shocks the spark wasp.
The spark wasp completely resists.
The spark wasp stings you but does no damage.
Your sixfirhy barely misses the spark wasp.
You feel you are being watched by something.
You don't have enough magic at the moment.
You feel better.
Your sixfirhy hits the spark wasp!
Your sixfirhy shocks the spark wasp.
The spark wasp completely resists.
Your sixfirhy hits the spark wasp.
Your sixfirhy shocks the spark wasp.
The spark wasp completely resists.
Your sixfirhy barely misses the spark wasp.
The spark wasp stings you!
* * * LOW HITPOINT WARNING * * *
The spark wasp shocks you!
You die...

#...........#
#...
.#.%.#.....#^..
#...
....###...###..
#...
.../.#..^..#...
#...
..)..........
##..
....^.......
##^ #^......#
#. ##†††..## ##
#.^@3...# #
#.....†y†......
#...#.....^.#..
... ##y^.s^## #
. ...^...# #
.......... #
.....^.....
..#.....#^..


You could see a spark wasp, an orb spider, a hornet and a friendly sixfirhy.

Vanquished Creatures
  Arachne (Spider:4)
  The ghost of troglodite the Carver, an adept DsBe of Trog (Spider:3)
  A ghost moth (Spider:2)
  Nessos (Lair:4)
  3 entropy weavers
  2 spark wasps
  Snorg (D:10)
  A blizzard demon (IceCv)
  A hydra (Lair:6)
  An ogre mage (Orc:2)
  A two-headed ogre (Orc:1)
  Urug (Orc:1)
  An orc knight (Orc:1)
  A necromancer (D:9)
  3 orc sorcerers (Orc:2)
  7 orb spiders
  18 wolf spiders
  2 elephants (Lair:5)
  An ice statue (IceCv)
  15 spiny frogs
  A torpor snail (Spider:2)
  4 demonic crawlers
  5 komodo dragons
  10 ice devils (IceCv)
  2 freezing wraiths (Spider:2)
  A troll (Orc:1)
  3 tyrant leeches (Lair:6)
  A minotaur zombie (Lab)
  2 polar bears
  15 jumping spiders
  7 hornets
  19 blink frogs
  8 hippogriffs
  A flying skull (D:9)
  2 shadows (D:9)
  2 wraiths (D:10)
  13 tarantellas
  A wyvern (D:9)
  50 redbacks
  19 yaks
  A hungry ghost (Lab)
  Eustachio (D:6)
  6 vampire mosquitoes (Lair:6)
  2 basilisks (Lair:4)
  Edmund (D:5)
  2 wargs (Orc:1)
  8 swamp worms (Spider:1)
  10 water moccasins
  4 soldier ants
  5 porcupines
  10 orc warriors
  An ice beast (D:9)
  A black bear (D:7)
  2 necrophages (D:9)
  3 phantoms
  12 ogres
  4 centaurs
  7 crocodiles
  18 bullfrogs
  Blork the orc (D:6)
  An elf zombie (D:10)
  An elf skeleton (D:10)
  A wyvern skeleton (D:9)
  5 scorpions
  5 killer bees
  10 wights
  3 electric eels
  7 howler monkeys
  3 crimson imps
  4 jellies
  Crazy Yiuf (D:4)
  3 bullfrog zombies (D:9)
  5 orc priests
  3 hounds
  A bullfrog skeleton (D:9)
  2 centaur skeletons
  Jessica (D:3)
  4 human zombies (D:10)
  Natasha (thrice) (D:4)
  29 orc wizards
  Ijyb (D:5)
  13 worker ants
  A hound skeleton (D:4)
  2 worker ant zombies
  A howler monkey skeleton (D:9)
  6 adders
  A shadow imp (D:5)
  5 white imps (IceCv)
  7 ufetubi (IceCv)
  3 oozes
  2 adder skeletons
  11 worms
  4 dart slugs
  9 leopard geckos
  64 orcs
  6 bats
  2 giant cockroaches
  12 goblins
  11 hobgoblins
  9 jackals
  4 kobolds
  5 quokkas
  2 ball pythons
  6 frilled lizards
  A quokka skeleton (D:9)
  2 quokka zombies (D:9)
  7 rats
  5 fungi
  7 plants
629 creatures vanquished.

Vanquished Creatures (collateral kills)
  A minotaur (Lab)
  7 hydras
  Erolcha (Orc:2)
  A two-headed ogre (Orc:1)
  An ogre mage (Orc:2)
  A queen ant (Spider:2)
  Nergalle (Orc:2)
  The ghost of Frank the Carver, a novice OpFi of Qazlal (D:8)
  Pikel (D:8)
  A necromancer (D:9)
  2 orb spiders
  3 wolf spiders
  3 orc sorcerers (Orc:2)
  The ghost of SaintRoka the Chopper, a novice OgNe of Cheibriados (D:4)
  4 spiny frogs
  2 komodo dragons
  2 ice devils (IceCv)
  A rime drake (Lair:6)
  2 demonic crawlers
  A troll (D:10)
  6 jumping spiders
  Grinder (D:6)
  10 blink frogs
  A tarantella (Spider:2)
  3 flying skulls (D:9)
  12 redbacks
  2 wraiths (D:9)
  17 yaks
  3 shadows (D:9)
  A wyvern (Lair:4)
  3 basilisks
  A hungry ghost (D:9)
  Menkaure (D:7)
  A porcupine (Lair:3)
  3 orc warriors
  A hornet zombie (D:9)
  A sky beast (D:10)
  A necrophage (D:10)
  A phantom (D:5)
  2 slaves (D:8)
  An ice beast (D:10)
  An ogre (D:6)
  A crocodile (Lair:6)
  4 bullfrogs
  2 killer bees (D:10)
  3 wights
  A bullfrog zombie (D:8)
  2 human zombies (D:10)
  3 orc wizards
  A centaur skeleton (D:9)
  A hound skeleton (D:9)
  A worker ant zombie (D:9)
  An ooze (Lair:6)
  An adder zombie (D:9)
  4 orcs
  2 jackals
  A frilled lizard (D:4)
138 creatures vanquished.

Vanquished Creatures (others)
  An emperor scorpion (Spider:4)
  A spark wasp (Spider:3)
  2 orb spiders
  An orc knight (Orc:1)
  A black mamba (Lair:6)
  An ice statue (IceCv)
  2 spiny frogs (Lair:6)
  An ice devil (IceCv)
  5 jumping spiders
  3 blink frogs (Lair:6)
  3 tarantellas
  A shadow (D:9)
  5 redbacks
  An orc warrior (Orc:1)
  A bullfrog (D:8)
  2 white imps (IceCv)
  3 ufetubi (IceCv)
  3 worms (Spider:1)
  An orc (Orc:2)
  A bush (Lair:6)
  15 fungi
  54 plants
  14 toadstools (Lair:3)
122 creatures vanquished.

Grand Total: 889 creatures vanquished

Notes
Turn   | Place    | Note
-------+----------+-------------------------------------------
     0 | Abyss:1  | xccam the Demonspawn Abyssal Knight began the quest for the Orb.
     0 | Abyss:1  | Reached XP level 1. HP: 18/18 MP: 2/2
    77 | Abyss:1  | Found a corrupted altar of Lugonu.
    79 | D:1      | Escaped the Abyss
   138 | D:1      | Reached skill level 2 in Axes
   156 | D:1      | Reached * piety under Lugonu
   232 | D:1      | Gained mutation: You are partially covered in yellow scales. (AC +2) [demonic ancestry]
   232 | D:1      | Reached XP level 2. HP: 22/24 MP: 3/3
   465 | D:1      | Reached skill level 3 in Axes
   767 | D:1      | Reached XP level 3. HP: 24/29 MP: 4/4
  1478 | D:2      | Reached ** piety under Lugonu
  1627 | D:2      | Reached XP level 4. HP: 23/35 MP: 5/5
  1734 | D:3      | Reached skill level 4 in Axes
  1769 | D:3      | Noticed Jessica
  1784 | D:3      | Killed Jessica
  1882 | D:3      | Reached skill level 11 in Axes
  1882 | D:3      | Gained mutation: A weak demonic guardian rushes to your aid. [demonic ancestry]
  1882 | D:3      | Reached XP level 5. HP: 22/41 MP: 6/6
  2379 | D:4      | Reached skill level 1 in Dodging
  2379 | D:4      | Gained mutation: You have a pair of small horns on your head. [demonic ancestry]
  2379 | D:4      | Reached XP level 6. HP: 43/47 MP: 7/7
  2421 | D:4      | Noticed SaintRoka's ghost (novice OgNe)
  2434 | D:4      | Killed SaintRoka's ghost
  2434 | D:4      | Reached skill level 1 in Spellcasting
  2434 | D:4      | Gained mutation: You have a pair of horns on your head. [demonic ancestry]
  2434 | D:4      | Reached XP level 7. HP: 17/52 MP: 8/8
  2620 | D:4      | Reached *** piety under Lugonu
  2751 | D:4      | Gained mutation: Your muscles are strong. (Str +2) [potion of mutation]
  2751 | D:4      | Gained mutation: Your flesh is heat resistant. (rF+) [potion of mutation]
  2751 | D:4      | Gained mutation: You possess an exceptional clarity of mind. [potion of mutation]
  2751 | D:4      | Gained mutation: Your mind is acute. (Int +2) [potion of mutation]
  2795 | D:4      | Noticed Natasha
  2809 | D:4      | Killed Natasha
  2966 | D:4      | Found a runed door.
  2994 | D:4      | Noticed Natasha
  2997 | D:4      | Killed Natasha
  3120 | D:4      | Noticed Natasha
  3130 | D:4      | Killed Natasha
  3282 | D:4      | Noticed Crazy Yiuf
  3285 | D:4      | Killed Crazy Yiuf
  3341 | D:5      | Entered Level 5 of the Dungeon
  3362 | D:5      | Noticed Edmund
  3367 | D:5      | Killed Edmund
  3413 | D:5      | Gained mutation: A demonic guardian rushes to your aid. [demonic ancestry]
  3413 | D:5      | Reached XP level 8. HP: 30/60 MP: 9/11
  3540 | D:5      | Noticed Ijyb
  3546 | D:5      | Killed Ijyb
  3565 | D:5      | Found Gageuf's Antique Armour Boutique.
  3610 | D:5      | Reached **** piety under Lugonu
  3910 | D:5      | Found a deep blue altar of Sif Muna.
  4040 | D:6      | Noticed Eustachio
  4050 | D:6      | Found a burning altar of Makhleb.
  4055 | D:6      | Killed Eustachio
  4126 | D:6      | Noticed Grinder
  4128 | D:6      | Killed Grinder
  4147 | D:6      | Found a glowing golden altar of the Shining One.
  4440 | D:6      | Noticed Blork the orc
  4446 | D:6      | Killed Blork the orc
  4474 | D:6      | Reached XP level 9. HP: 33/66 MP: 13/13
  5145 | D:7      | Reached skill level 5 in Fighting
  5209 | D:7      | Reached ***** piety under Lugonu
  5219 | D:7      | Found Aclonog's Gadget Shoppe.
  5302 | D:7      | Found a staircase to the Ecumenical Temple.
  5304 | D:7      | Noticed Menkaure
  5314 | D:7      | Killed Menkaure
  6051 | D:8      | Noticed Frank's ghost (novice OpFi)
  6051 | D:8      | Got a jewelled hand axe
  6052 | D:8      | Identified the cursed +0 hand axe of Annoyance {drain, rElec rPois MP+9} (You found it on level 8 of the Dungeon)
  6063 | D:8      | Killed Frank's ghost
  6063 | D:8      | Reached XP level 10. HP: 69/75 MP: 14/14
  6136 | D:8      | Noticed Pikel
  6140 | D:8      | Killed Pikel
  6140 | D:8      | Reached skill level 5 in Invocations
  6151 | D:8      | Got a slimy plate armour
  6152 | D:8      | Identified the +9 plate armour of Generosity {rN+ Slay-3 Stlth+} (You found it on level 8 of the Dungeon)
  6522 | D:9      | Reached skill level 12 in Axes
  6522 | D:9      | Reached skill level 5 in Armour
  6561 | D:9      | Found a sparkling altar of Nemelex Xobeh.
  6570 | D:9      | Found a shattered altar of Ashenzari.
  6941 | D:9      | Noticed a necromancer
  6947 | D:9      | Noticed a necromancer
  6967 | D:9      | Reached skill level 5 in Dodging
  6970 | D:9      | Killed a necromancer
  6981 | D:9      | Killed a necromancer
  7458 | D:9      | Reached XP level 11. HP: 77/83 MP: 15/15
  7556 | D:9      | Reached ****** piety under Lugonu
  7857 | D:10     | Entered Level 10 of the Dungeon
  8028 | D:10     | Found an ancient bone altar of Kikubaaqudgha.
  8235 | D:10     | Found a staircase to the Orcish Mines.
  8306 | D:10     | Found a staircase to the Lair.
  8399 | D:10     | Found a shimmering altar of Xom.
  8425 | D:10     | Noticed Snorg
  8431 | D:10     | Killed Snorg
  8708 | Lair:1   | Entered Level 1 of the Lair of Beasts
  8723 | Lair:1   | Noticed a four-headed hydra
  8736 | Lair:1   | Killed a four-headed hydra
  9700 | Lair:2   | Found a hole to the Spider Nest.
 10033 | Lair:2   | Noticed an oklob plant
 10362 | Lair:2   | Reached XP level 12. HP: 91/92 MP: 18/18
 10475 | Lair:2   | Found a staircase to the Shoals.
 11332 | Lair:3   | Noticed a four-headed hydra
 11340 | Lair:3   | Killed a four-headed hydra
 11456 | Lair:3   | Found a blossoming altar of Fedhas.
 11889 | Lair:4   | Noticed Nessos
 11911 | Lair:4   | Killed Nessos
 11966 | Lair:4   | Found a labyrinth entrance.
 11975 | Lab      | Entered a labyrinth
 12065 | Lab      | Reached skill level 13 in Axes
 12181 | Lab      | Noticed a minotaur
 12188 | Lab      | Killed a minotaur
 12193 | Lab      | Identified the Compendium of Morality
 12194 | Lab      | Got a crude jade amulet
 12195 | Lab      | Got a slimy cloak
 12195 | Lab      | Got a steaming ring mail
 12196 | Lab      | Identified the +0 ring mail of the Sky {rCorr Str+7} (You found it in a labyrinth)
 12207 | Lab      | Identified the cursed -3 cloak "Limiawud" {rN+ Str+2 Stlth+} (You found it in a labyrinth)
 12207 | Lab      | Identified the amulet of Muar {Gourm rC+ Str+4 Dex-2} (You found it in a labyrinth)
 13021 | Lair:5   | Noticed a four-headed hydra
 13033 | Lair:5   | Killed a four-headed hydra
 13212 | Lair:5   | Identified a +6 battleaxe of distortion (a cursed +4 battleaxe corrupted by Lugonu)
 13212 | Lair:5   | Received a gift from Lugonu
 13779 | Lair:6   | Entered Level 6 of the Lair of Beasts
 13779 | Lair:6   | Noticed a four-headed hydra
 13785 | Lair:6   | Killed a five-headed hydra
 13826 | Lair:6   | Noticed a four-headed hydra
 13830 | Lair:6   | Reached XP level 13. HP: 50/101 MP: 19/19
 14121 | Lair:6   | Reached skill level 14 in Axes
 14761 | Lair:6   | Reached skill level 15 in Axes
 15240 | Lair:6   | Found a staircase to the Slime Pits.
 15934 | Lair:6   | Reached skill level 10 in Fighting
 16113 | Lair:6   | Got a slimy brass ring
 16115 | Lair:6   | Got a smoking wooden ring
 16125 | Lair:6   | Identified the ring "Voanes" {*Tele +Inv rC+ Int+5} (You found it on level 6 of the Lair of Beasts)
 16126 | Lair:6   | Identified the ring "Melu" {*Tele Int+3} (You found it on level 6 of the Lair of Beasts)
 16296 | Orc:1    | Entered Level 1 of the Orcish Mines
 16734 | Orc:1    | You fall through a shaft!
 16734 | Orc:2    | Entered Level 2 of the Orcish Mines
 16776 | Orc:1    | Noticed Urug
 16996 | Orc:2    | Found a staircase to the Elven Halls.
 17608 | Orc:2    | Found Moyfro's Distillery.
 17626 | Orc:2    | Found Ohainionn's Antique Armour Emporium.
 17646 | Orc:2    | Found an ancient bone altar of Kikubaaqudgha.
 17647 | Orc:2    | Noticed Nergalle
 17669 | Orc:2    | Killed Nergalle
 17681 | Orc:2    | Gained mutation: You are mostly covered in yellow scales. (AC +3) [demonic ancestry]
 17681 | Orc:2    | Reached XP level 14. HP: 97/111 MP: 20/20
 17711 | Orc:2    | Found Kigi's Book Emporium.
 17718 | Orc:2    | Noticed Erolcha
 17765 | Orc:2    | Killed Erolcha
 17783 | Orc:2    | Found a radiant altar of Vehumet.
 18515 | Orc:2    | Paralysed by an orc sorcerer for 6 turns
 18529 | Orc:2    | Found a roughly hewn altar of Beogh.
 18651 | Orc:2    | Found Nikor's Gadget Shoppe.
 18862 | Orc:1    | Killed Urug
 18949 | Spider:1 | Entered Level 1 of the Spider Nest
 19006 | Spider:1 | Noticed an entropy weaver
 19022 | Spider:1 | Killed an entropy weaver
 19249 | Spider:1 | Reached skill level 10 in Dodging
 19867 | Spider:2 | Found a frozen archway.
 20016 | IceCv    | Entered an ice cave
 20064 | IceCv    | Reached skill level 16 in Axes
 20240 | IceCv    | Identified a +1 pair of boots of running (You found it in an ice cave)
 20545 | Spider:2 | Noticed a ghost moth
 20558 | Spider:2 | Killed a ghost moth
 21072 | Spider:2 | Noticed an entropy weaver
 21075 | Spider:2 | Banished an entropy weaver
 21095 | Spider:2 | Noticed an emperor scorpion
 21115 | Spider:2 | Banished an emperor scorpion
 21125 | Spider:2 | Noticed an entropy weaver
 21168 | Spider:2 | Killed an entropy weaver
 21168 | Spider:2 | Gained mutation: You have a pair of large horns on your head. [demonic ancestry]
 21168 | Spider:2 | Reached XP level 15. HP: 20/122 MP: 21/21
 21771 | Spider:2 | Got a transparent cloak
 21772 | Spider:2 | Identified the +3 cloak of Bad Feelings {MR- Int+4 Stlth+} (You found it on level 2 of the Spider Nest)
 22183 | Spider:3 | Noticed troglodite's ghost (adept DsBe)
 22470 | Spider:3 | Killed troglodite's ghost
 23332 | Spider:4 | Entered Level 4 of the Spider Nest
 23813 | Spider:4 | Noticed Louise
 24348 | Spider:4 | Noticed Arachne
 24364 | Spider:4 | Killed Arachne
 24374 | Spider:4 | HP: 6/124 [wolf spider (16)]
 24390 | Spider:4 | Mangled by a spark wasp

Skill      XL: |  1  2  3  4  5  6  7  8  9 10 11 12 13 14 15 |
---------------+----------------------------------------------+-----
Axes           | 2 3 11 12 13 15 16 | 16.4
Dodging        | 1 2 3 4 5 6 7 9 11 12 | 12.6
Armour         | 2 3 4 5 6 8 9 |  9.8
Spellcasting   | 1 2 3 |  3.0
Fighting       | 4 5 6 7 9 10 12 13 | 13.5
Invocations    | 4 6 8 9 |  9.2

Action                   |  1- 3 |  4- 6 |  7- 9 | 10-12 | 13-15 || total
-------------------------+-------+-------+-------+-------+-------++-------
Melee: Hand axe          |   134 |    43 |     9 |       |       ||   186
       War axe           |       |    51 |   297 |   914 |       ||  1262
       Headbutt          |       |     5 |    50 |   230 |   182 ||   467
       Battleaxe         |       |       |       |    35 |   913 ||   948
Invok: Depart the Abyss  |     1 |       |       |       |       ||     1
       Brand Weapon With |       |       |       |     1 |       ||     1
 Abil: Stop Flying       |       |       |       |     2 |       ||     2
       Evoke Flight      |       |       |       |     1 |       ||     1
Evoke: Wand              |       |       |       |     8 |    12 ||    20
  Use: Scroll            |     5 |     2 |     8 |    12 |    10 ||    37
       Potion            |       |     5 |     7 |     1 |    16 ||    29
 Stab: Sleeping          |     1 |       |       |       |       ||     1
       Distracted        |       |       |       |     5 |     2 ||     7
  Eat: Chunk             |     2 |     8 |     8 |    32 |    34 ||    84
       Ration            |       |       |       |     1 |       ||     1
Armor: Leather armour    |    48 |    12 |       |       |       ||    60
       Ring mail         |       |     5 |    14 |       |       ||    19
       Chain mail        |       |       |    76 |       |       ||    76
       Plate armour      |       |       |    41 |   741 |   806 ||  1588
       Skin              |       |       |       |       |    42 ||    42
Dodge: Dodged            |    80 |    41 |    96 |   362 |   558 ||  1137
